 Dungeon Crawl Stone Soup version 0.27.0-1-g7a089689b8 (webtiles) character file.

Game seed: 7740483899934347249

295 pkoi the Ruffian (level 6, -8/50 HPs)
             Began as a Minotaur Gladiator on Aug 4, 2021.
             Was a Believer of Trog.
             Mangled by an ogre (24 damage)
             ... on level 5 of the Dungeon.
             The game lasted 00:03:33 (4193 turns).

pkoi the Ruffian (Minotaur Gladiator)               Turns: 4193, Time: 00:03:33

Health: -8/50      AC: 10    Str: 21    XL:     6   Next: 11%
Magic:  5/5        EV:  8    Int:  5    God:    Trog [**....]
Gold:   163        SH:  0    Dex: 11    Spells: 5/5 levels left

rFire    + . .     SeeInvis .     - Unarmed
rCold    . . .     Faith    .   (no shield)
rNeg     . . .     Spirit   .   o - +1 chain mail {rF+}
rPois    .         Reflect  .   b - +0 hat
rElec    .         Harm     .   (no cloak)
rCorr    .         Rampage  .   (no gloves)
Will     .....                  q - +0 pair of boots
Stlth    ..........             (no amulet)
HPRegen  0.16/turn              f - +4 ring of slaying
MPRegen  0.09/turn              (no ring)

@: no status effects
A: horns 2, retaliatory headbutt
a: Renounce Religion, Berserk, Trog's Hand


You were on level 5 of the Dungeon.
You worshipped Trog.
Trog was pleased with you.
You visited 1 branch of the dungeon, and saw 5 of its levels.
You also visited: Sewer.

You collected 163 gold pieces.

Inventory:

Missiles
 c - 3 throwing nets (quivered)
 h - 48 poisoned darts
Armour
 b - a +0 hat (worn)
 o - a +1 chain mail of fire resistance (worn)
 q - a +0 pair of boots (worn)
Jewellery
 f - a +4 ring of slaying (left hand)
Wands
 a - a wand of flame (11)
Scrolls
 d - 6 scrolls of identify {unknown}
 e - 2 scrolls of teleportation {unknown}
 g - a scroll of amnesia {unknown}
 j - a scroll of enchant armour {unknown}
 k - a scroll of vulnerability {unknown}
 n - a scroll of fog {unknown}
 p - a scroll of acquirement {unknown}
 s - a scroll of fear {unknown}
 u - a scroll of magic mapping {unknown}
Potions
 i - a potion of degeneration {unknown}
 l - a potion of magic {unknown}
 m - a potion of heal wounds {unknown}
 r - a potion of resistance {unknown}
 t - a potion of invisibility {unknown}


   Skills:
 + Level 2.4 Fighting
 - Level 2.0 Throwing
 + Level 0.0 Armour
 + Level 3.3 Dodging
 * Level 7.6 Unarmed Combat


You had 5 spell levels left.
You didn't know any spells.
Your spell library contained the following spells:

 Spells                   Type           Power      Damage    Failure   Level
 Inner Flame              Hex/Fire       0%         N/A       100%        3
 Cause Fear               Hex            0%         N/A       100%        4
 Discord                  Hex            0%         N/A       100%        8


Dungeon Overview and Level Annotations

Branches:
Dungeon (5/15)              Sewer (visited)
 Temple: D:4-7

Altars:
Ashenzari
Kikubaaqudgha
Okawaru
Trog


Innate Abilities, Weirdness & Mutations

You have a pair of horns on your head.
You reflexively headbutt those who attack you in melee.


Message History

There is a large open door here.
There is a large open door here.
The worm bites you.
You punch the worm!
The worm is severely wounded.
The worm bites you!
You hit the worm.
The worm is almost dead.
You hit the worm.
You kill the worm!
Trog accepts your kill.
No target in view!
No target in view!
HP restored.
u - a scroll labelled AFIPSI DUCVAU You open the door.
There is an open door here.
An ogre comes into view. It is wielding a +0 giant spiked club.
The ogre shouts!
An ogre is nearby!
An ogre is nearby!
The ogre barely misses you.
Your chain mail prevents you from hitting the ogre.
You headbutt the ogre!
The ogre is heavily wounded.
The ogre hits you with a +0 giant spiked club!
You hit the ogre.
The ogre is heavily wounded.
Your chain mail prevents you from hitting the ogre.
Your headbutt misses the ogre.
The ogre is heavily wounded.
The ogre hits you with a +0 giant spiked club!!
A dart slug comes into view.
You are too injured to fight recklessly!
You are too injured to fight recklessly!
You are too injured to fight recklessly!
You hit the ogre. You headbutt the ogre.
The ogre is severely wounded.
The ogre hits you with a +0 giant spiked club!!
You die...

####### ######
#.....########....#
#.....##..........#
#.....##..........########
#.....##..........#.......
#######.''..........'.......
≈≈≈≈≈≈..##..†.......#.......
≈.≈≈≈≈..##..........#.......
≈≈≈≈≈≈.#########@...########
#######........O#####
+####.######.... >.....
....... ...## ###...w ...##
## #.... ....#... #....
......# #.... ......+ ###


You could see an ogre and a dart slug.

Vanquished Creatures
  Purgy (Sewer)
  A hound (D:4)
  An iguana (D:4)
  3 adders
  A shadow imp (D:3)
  3 worms
  A dart slug (D:3)
  7 orcs
  6 endoplasms
  7 giant cockroaches
  4 goblins
  A hobgoblin (D:2)
  15 jackals
  2 quokkas
  6 ball pythons
  6 bats
  2 frilled lizards
  10 kobolds
  7 rats
84 creatures vanquished.

Vanquished Creatures (others)
  A human (D:4)
1 creature vanquished.

Grand Total: 85 creatures vanquished

Notes
Turn   | Place    | Note
-------+----------+-------------------------------------------
     0 | D:1      | pkoi the Minotaur Gladiator began the quest for the Orb.
     0 | D:1      | Reached XP level 1. HP: 18/18 MP: 0/0
   270 | D:1      | Reached XP level 2. HP: 20/25 MP: 1/1
   400 | D:1      | Reached skill level 4 in Unarmed Combat
   955 | D:1      | Found a faded altar of an unknown god.
   957 | D:1      | Became a worshipper of Trog the Wrathful
   957 | D:1      | Reached * piety under Trog
  1195 | D:2      | Found an iron altar of Okawaru.
  1405 | D:2      | Reached XP level 3. HP: 29/30 MP: 2/2
  1921 | D:3      | Reached skill level 5 in Unarmed Combat
  2105 | D:3      | Reached XP level 4. HP: 22/37 MP: 3/3
  2106 | D:3      | Reached ** piety under Trog
  3133 | D:4      | Found an ancient bone altar of Kikubaaqudgha.
  3134 | D:4      | Noticed a human
  3149 | D:4      | Killed a human
  3206 | D:4      | Reached skill level 6 in Unarmed Combat
  3314 | D:4      | Found a broken altar of Ashenzari.
  3388 | D:4      | Reached XP level 5. HP: 31/42 MP: 4/4
  3849 | D:5      | Entered Level 5 of the Dungeon
  3899 | D:5      | Found a glowing drain.
  3915 | Sewer    | Entered a sewer
  4034 | Sewer    | Noticed Purgy
  4041 | Sewer    | Killed Purgy
  4042 | Sewer    | Reached skill level 7 in Unarmed Combat
  4042 | Sewer    | Reached XP level 6. HP: 43/50 MP: 5/5
  4193 | D:5      | Mangled by an ogre

Illustrated notes

Levels and vault maps discovered:
D:1:      dpeg_arrival_court, layout_loops_corners,
          shapermc_ecumenical_altar_venn, minmay_misc_feat_pillars,
          minmay_bisected
D:2:      layout_loops_ring, basic_altar, serial_bayou_lagoon_a
D:3:      layout_basic
D:4:      layout_gridville, mainiacjoe_overflow_tiny_flanked, tgw_kikubaaqudgha,
          minmay_misc_feat_plants, lemuel_flame_loot_1
D:5:      cheibrodos_two_vegetables, layout_basic,
          grunt_temple_overflow_diamond, portal_sewer_entry_f, st_stairs_6,
          kennysheep_generic_room_13

Skill      XL: |  1  2  3  4  5 |
---------------+----------------+-----
Unarmed Combat | 4 5 6 7 |  7.6
Fighting       | |  2.4
Throwing       | |  2.0
Dodging        | |  3.3

Action                   |  1- 3 |  4- 6 || total
-------------------------+-------+-------++-------
Melee: Unarmed           |    92 |   104 ||   196
       Headbutt          |    12 |    13 ||    25
       Punch             |       |     4 ||     4
Armor: Leather armour    |    24 |    14 ||    38
       Chain mail        |       |    19 ||    19
Dodge: Dodged            |    53 |    54 ||   107
